 Dungeon Crawl Stone Soup version 0.24.0-123-gd5b16e6ec5 (webtiles) character file.

Game seed: 16271169399829259480, levelgen mode: deterministic

24 vurker the Gusty (level 2, 0/12 HPs)
             Began as a Felid Air Elementalist on Feb 3, 2020.
             Hit by a stone thrown by a gnoll (5 damage)
             ... on level 1 of the Dungeon.
             The game lasted 00:01:11 (845 turns).

vurker the Gusty (Felid Air Elementalist)            Turns: 845, Time: 00:01:12

Health: 0/12       AC:  1    Str:  4    XL:     2   Next: 79%
Magic:  1/6        EV: 18    Int: 16    God:
Gold:   11         SH:  0    Dex: 16    Spells: 4/5 levels left
                                        Lives:  0   Deaths: 0

rFire    . . .     SeeInvis +   (weapon unavailable)
rCold    . . .     Gourm    .   (shield unavailable)
rNeg     . . .     Faith    .   (armour unavailable)
rPois    .         Spirit   .   (helmet unavailable)
rElec    .         Reflect  .   (cloak unavailable)
rCorr    .         Harm     .   (gloves unavailable)
MR       .....                  (boots unavailable)
Stlth    ++........             (no amulet)
HPRegen  0.04/turn              b - ring of attention (curse)
MPRegen  0.10/turn              (no ring)

@: very slightly contaminated, quick
A: very small, no armour, no weapons or thrown items, stealth, claws 1, fangs 3,
see invisible, carnivore, speed 1, shaggy fur 1, slow metabolism 1, sharp paws
a: no special abilities


You were on level 1 of the Dungeon.
You were very full.

You visited 1 branch of the dungeon, and saw 1 of its levels.

You collected 11 gold pieces.

Inventory:

Jewellery
 b - a cursed ring of attention (left paw)
   (You found it on level 1 of the Dungeon)
Comestibles
 e - a ration


   Skills:
 + Level 0.5 Fighting
 - Level 2.6 Dodging
 - Level 2.6 Stealth
 * Level 2.3 Spellcasting
 * Level 1.5 Conjurations
 * Level 3.0 Air Magic


You had 4 spell levels left.
You knew the following spells:

 Your Spells              Type           Power        Failure   Level  Hunger
a - Shock                 Conj/Air       #...         8%          1    #......

Your spell library contained the following spells:

 Spells                   Type           Power        Failure   Level  Hunger
 Swiftness                Chrm/Air       #.......     16%         2    ###....
 Static Discharge         Conj/Air       #.......     24%         3    ###....
 Airstrike                Air            ##........   50%         4    #####..
 Lightning Bolt           Conj/Air       #.........   91%         5    ######.


Dungeon Overview and Level Annotations

Branches:
Dungeon (1/15)

Altars:


Innate Abilities, Weirdness & Mutations

You cannot wear armour.
You are incapable of wielding weapons or throwing items.
Your paws allow you to move quietly. (Stealth)
You have sharp claws.
You have razor-sharp teeth.
You have supernaturally acute eyesight. (SInv)
You are carnivorous and can eat meat at any time.
You cover ground quickly.
You are covered in fur. (AC +1)
You have a slow metabolism.
Your sharp claws are effective at attacking unaware monsters.


Message History

You can't see any susceptible monsters within range! (Use Z to cast anyway.)
You can't see any susceptible monsters within range! (Use Z to cast anyway.) Unknown command.
You butcher the jackal corpse.
a - 3 chunks of flesh You butcher the bat corpse.
a - 4 chunks of flesh (gained 1)
Things that are here:
a jackal skeleton; a bat skeleton
Things that are here:
a jackal skeleton; a bat skeleton Eating one of 4 chunks of flesh.
You eat one of the 4 chunks of flesh.
This raw flesh tastes great.
Eating one of 3 chunks of flesh.
You eat one of the 3 chunks of flesh.
This raw flesh tastes great.
Eating one of 2 chunks of flesh.
You eat one of the 2 chunks of flesh.
This raw flesh tastes great.
Eating a chunk of flesh.
You eat the chunk of flesh.
This raw flesh tastes great.
Found 7 gold pieces.
Things that are here:
a +0 dagger; 4 stones; a kobold corpse You butcher the jackal corpse.
a - a chunk of flesh You see here a jackal skeleton. x2
Eating a chunk of flesh.
You eat the chunk of flesh.
This raw flesh tastes great.
You now have 11 gold pieces (gained 7).
A rat, a gnoll and a kobold come into view.
The kobold shouts!
You hear an angry hiss.
The gnoll shouts!
You hear a shout!
The gnoll moves out of view.
The rat moves out of view.
Found a golden potion.
The zap hits the kobold but does no damage.
The zap hits the kobold.
A frilled lizard comes into view.
The zap hits the kobold.
You kill the kobold!
The gnoll throws a stone.
The stone hits you!
Ouch! That really hurt!
* * * LOW HITPOINT WARNING * * *
A goblin comes into view. It is wielding a +0 dagger.
Aim: a goblin, wielding a +0 dagger (hasn't noticed you)
The zap hits the gnoll.
The zap hits the goblin.
You kill the goblin!
The zap hits the gnoll.
The zap misses the gnoll.
The gnoll throws a stone.
The stone misses you.
You miscast Shock.
You are very lightly contaminated with residual magic.
You smell something strange.
The gnoll throws a stone.
The stone hits you.
You die...

#..........# ##
##.####.###..
.#######...###.# ##.
..#.....#..##.# #.
#.#.###....##.####.
#.#.# ##.#.......#. !
#...####.####.##.#.
#.)l##...........#.##.#.
#g).@...(........#.#.
##.#..#####..........
...#..# #..........
#####..# #...#.....#
#..# #...#.#####
#..#####......###.
#...[...........#.
####...#.#)##....###.
#..........##.#.## ♣.


You could see a gnoll and a frilled lizard.

Vanquished Creatures
  A bat (D:1)
  A giant cockroach (D:1)
  2 goblins (D:1)
  A hobgoblin (D:1)
  7 jackals (D:1)
  5 kobolds (D:1)
  A ball python (D:1)
  A frilled lizard (D:1)
19 creatures vanquished.

Notes
Turn   | Place    | Note
-------+----------+-------------------------------------------
     0 | D:1      | vurker the Felid Air Elementalist began the quest for the
                  | Orb.
     0 | D:1      | Reached XP level 1. HP: 7/7 MP: 4/4
    75 | D:1      | Reached skill level 1 in Conjurations
   473 | D:1      | Reached XP level 2. HP: 11/11 MP: 0/6
   707 | D:1      | Reached skill level 3 in Air Magic
   845 | D:1      | Hit by a stone thrown by a gnoll

Levels and vault maps discovered:
D:1:      nagdon_arrival_double_spiral, layout_loops_ring, eino_curves_04,
          minmay_hexomino_f4

Skill      XL: |  1  2 |
---------------+-------+-----
Conjurations   | 1 |  1.5
Air Magic      | 3 |  3.0
Fighting       | |  0.5
Dodging        | |  2.6
Stealth        | |  2.6
Spellcasting   | |  2.3

Action                   || total
-------------------------++-------
Melee: Unarmed           ||    16
 Cast: Shock             ||    34
  Use: Scroll            ||     2
  Eat: Chunk             ||     7
Armor: Skin              ||     3
Dodge: Dodged            ||    22
